 Dungeon Crawl Stone Soup version 0.25.1-1-g288607f5aa (webtiles) character file.

Game seed: 14903317266475958479

203 Delamore the Chopper (level 6, -2/47 HPs)
             Began as a Formicid Fighter on July 27, 2020.
             Slain by a phantom (7 damage)
             ... on level 4 of the Dungeon.
             The game lasted 00:02:41 (3319 turns).

Delamore the Chopper (Formicid Fighter)             Turns: 3319, Time: 00:02:41

Health: -2/47      AC:  6    Str: 22    XL:     6   Next: 8%
Magic:  6/6        EV:  8    Int:  8    God:
Gold:   171        SH: 10    Dex: 10    Spells: 5/5 levels left

rFire    . . .     SeeInvis +   m - +0 hand axe
rCold    . . .     Gourm    .   c - +1 kite shield
rNeg     . . .     Faith    .   b - +0 scale mail
rPois    .         Spirit   .   (helmet unavailable)
rElec    .         Reflect  .   (no cloak)
rCorr    .         Harm     .   (no gloves)
MR       .....                  (no boots)
Stlth    ..........             (no amulet)
HPRegen  0.15/turn              (no ring)
MPRegen  0.10/turn              (no ring)

@: no status effects
A: permanent stasis, dig shafts and tunnels, four strong arms, antennae 3
a: Dig, Shaft Self


You were on level 4 of the Dungeon.
You were not hungry.

You visited 1 branch of the dungeon, and saw 4 of its levels.

You collected 171 gold pieces.

Inventory:

Hand Weapons
 a - a +0 war axe
 m - a +0 hand axe (weapon)
Missiles
 i - 8 poisoned darts (quivered)
Armour
 b - a +0 scale mail (worn)
 c - a +1 kite shield (worn)
 o - a +0 plate armour
Scrolls
 e - 2 scrolls of identify
 g - a scroll of fear
 j - a scroll of blinking
 l - a scroll of random uselessness
 q - a scroll of enchant armour
 r - 2 scrolls of remove curse
Potions
 d - a potion of might
 k - 3 potions of haste {unknown}
 n - a potion of lignification {unknown}
 p - a potion of heal wounds {unknown}
Comestibles
 f - 8 rations
 h - 2 chunks of flesh


   Skills:
 - Level 3.2 Fighting
 + Level 5.8 Axes
 - Level 3.2 Armour
 - Level 3.6 Shields


You had 5 spell levels left.
You didn't know any spells.
Your spell library was empty.

Dungeon Overview and Level Annotations

Branches:
Dungeon (4/15)
 Temple: D:4-7

Altars:
Fedhas
Kikubaaqudgha
Qazlal


Innate Abilities, Weirdness & Mutations

You cannot be hasted, slowed, berserked, paralysed or teleported.
You can dig through walls and to a lower floor.
Your four strong arms can wield two-handed weapons with a shield.
You have a pair of large antennae on your head. (SInv)


Message History

The orc wizard hits you with a +0 dagger.
* * * LOW HITPOINT WARNING * * *
You closely miss the orc wizard.
The orc wizard is moderately wounded.
You hit the orc. The orc hits you with a +0 hand axe.
* * * LOW HITPOINT WARNING * * *
The orc wizard hits you with a +0 dagger.
* * * LOW HITPOINT WARNING * * *
You closely miss the orc wizard.
The orc wizard is moderately wounded.
Your scale mail prevents you from hitting the orc.
Your shield and scale mail prevent you from hitting the phantom.
The orc hits you with a +0 hand axe.
* * * LOW HITPOINT WARNING * * *
You block the phantom's attack. The orc wizard barely misses you.
You hit the orc.
You kill the orc!
Your scale mail prevents you from hitting the orc wizard.
You closely miss the phantom. The phantom hits you!
You die...

.................
###.............?..
..#................
.................. #..
#................ ##..
#.......)........ #..#
##....†....W...... ..#
#.........@o......
#.###..........)......
##..##.................
#...##....††...........
##....#.....)...........
#..#..##..$.)...........
{
#..###.#................
##.# ##.................
#.# ##............


You could see a phantom and an orc wizard.

Vanquished Creatures
  A hound (D:4)
  A worker ant (D:4)
  5 adders
  A gnoll (D:1)
  An adder skeleton (D:4)
  A worm (D:2)
  4 dart slugs
  2 leopard geckos (D:3)
  8 orcs
  2 bat zombies (D:1)
  4 giant cockroaches
  10 goblins
  5 hobgoblins
  8 jackals (D:3)
  2 quokkas
  A ball python (D:4)
  10 bats
  3 kobolds (D:1)
  2 rats (D:3)
71 creatures vanquished.

Notes
Turn   | Place    | Note
-------+----------+-------------------------------------------
     0 | D:1      | Delamore the Formicid Fighter began the quest for the Orb.
     0 | D:1      | Reached XP level 1. HP: 18/18 MP: 1/1
   128 | D:1      | Reached XP level 2. HP: 22/24 MP: 2/2
   335 | D:1      | Reached skill level 3 in Axes
   364 | D:1      | Reached XP level 3. HP: 15/29 MP: 3/3
  1456 | D:2      | Reached skill level 4 in Axes
  1456 | D:2      | Reached XP level 4. HP: 29/35 MP: 4/4
  1511 | D:2      | Found a blossoming altar of Fedhas.
  1522 | D:2      | Found an ancient bone altar of Kikubaaqudgha.
  2479 | D:3      | Reached XP level 5. HP: 41/41 MP: 5/5
  2547 | D:3      | Found a stormy altar of Qazlal.
  3046 | D:4      | Reached skill level 5 in Axes
  3286 | D:4      | Noticed a phantom
  3306 | D:4      | Reached XP level 6. HP: 25/47 MP: 6/6
  3319 | D:4      | Slain by a phantom

Illustrated notes

Levels and vault maps discovered:
D:1:      saegor_arrival_fortress, layout_basic
D:2:      layout_loops_ring, grunt_temple_overflow_growth_and_decay,
          first_ration
D:3:      layout_rooms, overflow_temple_1_default
D:4:      layout_layer_cave, serial_shops, nicolae_shop_stone

Skill      XL: |  1  2  3  4  5 |
---------------+----------------+-----
Axes           | 3 4 5 |  5.8
Fighting       | |  3.2
Armour         | |  3.2
Shields        | |  3.6

Action                   |  1- 3 |  4- 6 || total
-------------------------+-------+-------++-------
Melee: War axe           |     5 |       ||     5
       Spear             |   160 |   225 ||   385
       Hand axe          |       |    49 ||    49
  Use: Scroll            |     1 |     8 ||     9
  Eat: Chunk             |     2 |     6 ||     8
Armor: Scale mail        |    58 |   123 ||   181
Dodge: Dodged            |    34 |    93 ||   127
Block: Kite shield       |    65 |   162 ||   227
